Map: Thunderbird LE

Players

Rhizer - Winner!

  • Race: Protoss Protoss
  • Spawn Location: 5:00

niceusername

  • Race: Terran Terran
  • Spawn Location: 11:00

VOD

Have the link to the VOD?

Description

Time

  • Played on: Sept. 6, 2019, 1:09 p.m.
  • Length: 7:16
Show
View Real Time Build Order
Export as new Build Order

Rhizer Protoss - Winner!

Build Orders: 1 Gate Expand, Colossus Rush 

Get SALT Encoding   

  12  0:00  Probe  
  13  0:12  Probe  
  14  0:18  Pylon  
  14  0:24  Probe  
  15  0:33  Probe  
  15  0:38  Gateway  
  15  0:41  Probe  
  16  0:46  Assimilator  
  17  0:51  Probe  
  18  1:03  Probe  
  19  1:15  Probe  
  20  1:28  Cybernetics Core  
  20  1:40  Probe, Nexus  
  21  1:49  Pylon  
  21  1:52  Probe  
  22  1:57  Adept, Assimilator  
  22  1:59  Warp Gate  
  22  2:04  Probe  
  25  2:15  Probe  
  26  2:23  Probe  
  26  2:27  Stalker  
  29  2:31  Probe  
  29  2:36  Robotics Facility  
  30  2:43  Probe  
  31  2:52  Probe  
  31  2:55  Probe  
  31  2:57  Stalker  
  35  3:03  Gateway  
  35  3:04  Probe  
  36  3:07  Probe  
  36  3:11  Pylon  
  37  3:13  Warp Prism  
  37  3:16  Probe  
  38  3:20  Probe  
  41  3:28  Probe  
  41  3:32  Probe  
  43  3:40  Pylon, Probe  
  44  3:49  Stalker  
  44  3:50  Probe  
  44  3:52  Probe  
  49  3:56  Observer  
  49  3:58  Stalker  
  49  4:01  Pylon  
  49  4:02  Probe  
  52  4:04  Robotics Bay  
  52  4:05  Probe  
  53  4:10  Assimilator  
  53  4:13  Forge  
  53  4:14  Assimilator  
  53  4:17  Probe x2  
  55  4:27  Observer  
  55  4:29  Gateway, Probe  
  55  4:30  Gateway  
  57  4:32  Probe  
  56  4:38  Adept x2  
  56  4:41  Probe  
  61  4:51  Probe  
  60  4:53  Probe  
  60  4:59  Protoss Ground Weapons Level 1  
  59  5:01  Immortal  
  59  5:03  Probe  
  59  5:05  Probe  
  65  5:12  Pylon  
  65  5:13  Stalker  
  65  5:14  Sentry  
  69  5:15  Probe  
  69  5:18  Nexus  
  70  5:30  Probe  
  71  5:40  Colossus  
  71  5:43  Pylon  
  71  5:44  Gateway  
  71  5:45  Gateway  
  71  5:48  Twilight Council  
  75  6:11  Observer  
  75  6:15  Probe x2  
  77  6:22  Gateway  
  77  6:23  Gateway  
  77  6:24  Pylon  
  69  6:34  Sentry x3  
  69  6:38  Shield Battery  
  75  6:40  Shield Battery  
  75  6:41  Shield Battery  
  75  6:42  Shield Battery, Zealot x3  
  75  6:43  Pylon  
  87  6:58  Stalker x3  
  93  7:04  Stalker x2  
Show
View Real Time Build Order
Export as new Build Order

niceusername Terran 

Build Orders:  

Get SALT Encoding   

  12  0:01  SCV  
  13  0:14  SCV  
  14  0:17  Supply Depot  
  14  0:26  SCV  
  15  0:39  SCV  
  15  0:40  Barracks  
  16  0:51  SCV  
  17  1:03  SCV  
  18  1:14  Command Center  
  18  1:17  SCV  
  19  1:29  SCV  
  20  1:34  Marine  
  20  1:42  Orbital Command  
  20  1:45  Supply Depot  
  20  1:52  Marine  
  21  2:03  Barracks  
  21  2:06  Refinery x2  
  21  2:10  Marine  
  22  2:16  Bunker  
  22  2:17  SCV  
  23  2:28  Marine  
  24  2:31  Barracks  
  24  2:35  SCV  
  25  2:38  SCV  
  26  2:47  SCV  
  28  2:51  SCV  
  28  2:53  Marine  
  28  2:54  Barracks Tech Lab  
  29  3:05  Factory, SCV  
  31  3:17  SCV  
  31  3:18  Orbital Command  
  31  3:25  Marine  
  32  3:27  Marine x2  
  34  3:39  SCV  
  35  3:42  Stimpack  
  35  3:43  Marine  
  35  3:47  SCV  
  38  3:49  Factory Reactor  
  38  3:50  Starport  
  38  3:51  SCV  
  38  3:54  Barracks Tech Lab  
  38  3:57  Marine  
  38  3:59  SCV  
  38  4:00  Marine  
  41  4:03  SCV  
  42  4:11  SCV  
  42  4:14  Supply Depot, Combat Shield  
  42  4:15  Marine  
  42  4:16  SCV  
  45  4:17  Marine  
  45  4:22  Marine  
  45  4:23  SCV  
  47  4:33  Marine  
  47  4:35  Marine  
  35  5:02  SCV x2  
  43  5:07  Marine x3  
  40  5:14  SCV  
  40  5:15  SCV  
  40  5:21  Medivac  
  44  5:25  Marine x3  
  44  5:26  SCV  
  44  5:27  SCV  
  49  5:31  Medivac  
  51  5:38  Command Center, SCV  
  52  5:42  Marine x2  
  52  5:43  Marine  
  52  5:45  SCV  
  52  5:58  SCV  
  52  6:00  Marine x2  
  52  6:12  Marine  
  52  6:18  Marine  
  53  6:19  Marauder  
  53  6:22  SCV  
  53  6:24  SCV  
  58  6:30  Marine  
  59  6:34  SCV  
  59  6:36  Marine, SCV  
Tags
 
Add a new tag
Caveats
  • Supply blocks, unpowered buildings, or Contaminate may cause inaccurate times.
  • Supply counts are checked every 10 seconds.